 Dungeon Crawl Stone Soup version 0.31-a0-868-g674d60d6f7 (webtiles) character file.

Game seed: 18001873681450704737

24764 GigaChad the Cleaver (level 13, -3/105 HPs) *EXPLORE*
             Began as a Formicid Fighter on Oct 11, 2023.
             Was the Champion of Jiyva.
             Slain by a black mamba (8 damage)
             ... on level 3 of the Lair of Beasts.
             The game lasted 00:16:05 (11448 turns).

GigaChad the Cleaver (Formicid Fighter)            Turns: 11448, Time: 00:16:06

Health: -3/105     AC: 17    Str: 27    XL:     13   Next: 45%
Magic:  13/13      EV:  7    Int:  7    God:    Jiyva [******]
Gold:   546        SH: 17    Dex: 13    Spells: 12/12 levels left

rFire   . . .        a - +1 war axe (venom)
rCold   + + .        c - +1 buckler
rNeg    . . .        L - +0 plate armour
rPois   .            (helmet unavailable)
rElec   .            o - +0 cloak
rCorr   +            (no gloves)
SInv    +            (no boots)
Will    +....        M - amulet of reflection Stlth
                     (no ring)
HPRegen 1.97/turn    (no ring)
MPRegen 0.63/turn

%: reflection, clarity
@: lethally poisoned (-3 -> -6), studying Staves
A: permanent stasis, dig shafts and tunnels, antennae 3, four strong arms,
iridescent scales 3, large bone plates 1, clarity, cold resistance 2, eyeballs
3, pseudopods 1, tendrils, jelly sensing items
a: Dig, Shaft Self, Renounce Religion, Oozemancy, Slimify


You were on level 3 of the Lair of Beasts.
You worshipped Jiyva.
Jiyva was exalted by your worship.
You visited 3 branches of the dungeon, and saw 15 of its levels.
You also visited: Sewer and Ossuary.

You collected 546 gold pieces.

Inventory:

Hand Weapons
 a - a +1 war axe of venom (weapon)
Missiles
 r - 2 throwing nets
Armour
 c - a +1 buckler (worn)
 o - a +0 cloak (worn)
 L - a +0 plate armour (worn)
Jewellery
 b - a ring of ice
 u - a ring of positive energy
 M - an amulet of reflection (around neck)
Talismans
 p - a blade talisman
 y - a serpent talisman
 H - a flux talisman
Wands
 m - a wand of charming (8)
 s - a wand of flame (29)
 t - a wand of polymorph (6)
 v - a wand of roots (20)
 D - a wand of quicksilver (5)
 I - a wand of mindburst (20)
Scrolls
 k - 8 scrolls of teleportation
 l - 3 scrolls of poison
 w - a scroll of revelation
 x - 4 scrolls of vulnerability
 z - 2 scrolls of fog
 E - a scroll of summoning
 F - 3 scrolls of amnesia
 J - 2 scrolls of blinking
 K - a scroll of fear
 N - 2 scrolls of identify
Potions
 d - 8 potions of might
 e - 2 potions of magic {unknown}
 f - 6 potions of curing {unknown}
 g - 3 potions of heal wounds {unknown}
 h - 2 potions of degeneration {unknown}
 i - 3 potions of cancellation {unknown}
 j - 6 potions of lignification {unknown}
 n - 2 potions of mutation {unknown}
 q - 2 potions of attraction {unknown}
 A - a potion of invisibility {unknown}
 B - 2 potions of resistance {unknown}
 C - 3 potions of haste {unknown}
 G - 2 potions of enlightenment {unknown}
 O - a potion of experience {unknown}
Miscellaneous
 P - a box of beasts


   Skills:
 * Level 10.8 Fighting
 * Level 14.7 Axes
 * Level 10.5 Armour
 * Level 11.4 Shields
 * Level 5.4 Shapeshifting


You had 12 spell levels left.
You didn't know any spells.
Your spell library contained the following spells:

 Spells                   Type           Power      Damage    Failure   Level
 Malign Gateway           Summ/Tloc      0%         N/A       100%        7
 Summon Horrible Things   Summ           0%         N/A       100%        8


Dungeon Overview and Level Annotations

Branches:
Dungeon (11/15)            Temple (1/1) D:5            Lair (3/5) D:9
 Shoals (0/4) Lair:2       Spider (0/4) Lair:2          Orc (0/2) D:11
  Sewer (visited)         Ossuary (visited)

Altars:
Ashenzari
Cheibriados
Dithmenos
Elyvilon
Fedhas
Gozag
Hepliaklqana
Kikubaaqudgha
Makhleb
Nemelex Xobeh
Okawaru
Qazlal
Ru
Sif Muna
Trog
Uskayaw
Vehumet
Wu Jian
Xom
Yredelemnul
Zin
The Shining One

Shops:
D:9 [


Innate Abilities, Weirdness & Mutations

You cannot be hasted, slowed, berserked, paralysed or teleported.
You can dig through walls and to a lower floor.
You have a pair of large antennae on your head. (SInv)
Your four strong arms can wield two-handed weapons with a shield.
You are completely covered in iridescent scales. (AC +6)
You are partially covered in large bone plates. (SH +4)
You possess an exceptional clarity of mind.
Your flesh is very cold resistant. (rC++)
Your body is covered in eyes which may confuse attackers. (Acc +7, SInv)
Armour fits poorly on your pseudopods.
You are covered in slimy tendrils that may disarm your opponents.
You have a small jelly attached to you that senses nearby items.


Message History

You bludgeon the cane toad, but do no damage.
The cane toad is almost dead.
You hit the black mamba but do no damage.
The black mamba is poisoned.
The black mamba bites you!
* * * LOW HITPOINT WARNING * * *
The cane toad stings you but does no damage.
The black mamba bites you!
* * * LOW HITPOINT WARNING * * *
You slash the cane toad!
You kill the cane toad!
You hit the black mamba. You block the black mamba's attack.
Unknown command.
The black mamba bites you!
* * * LOW HITPOINT WARNING * * *
You block the black mamba's attack.
The black mamba attacks as it pursues you!
You block the black mamba's attack.
You slice the black mamba!!
The black mamba looks as sick as possible!
You bludgeon the black mamba.
The black mamba is severely wounded.
You block the black mamba's attack. The black mamba bites you.
* * * LOW HITPOINT WARNING * * *
You are poisoned.
The black mamba poisons you!
You closely miss the black mamba. Your bludgeon misses the black mamba.
The black mamba is severely wounded.
You slash the elephant!
* * * LOW HITPOINT WARNING * * *
You feel very sick. You block the black mamba's attack.
You block the elephant's attack. The elephant completely misses you.
Unknown command.
You closely miss the black mamba.
The black mamba is almost dead.
You hit the elephant but do no damage.
The elephant is poisoned.
* * * LOW HITPOINT WARNING * * *
You feel very sick. The black mamba bites you!
You die...

#....###### #####
#...#..#P######.##.
##...†###.P##P.#.#..
##...†.......>.......
#....###.####.#.##... .##
. #$.....### ######... ..#
...#.....## ###... #+..#
......YS#.# ###.#..# ..8.#
.........@.## .......
....###...##...##........
#..... ......... #...
.........##.P... ........
..... ∆.######..#......
........ ####.. #.
###.#.......[ ....##. ..
.##...#........ .†8..# ..
##............# #...##
..##... .........####....
.†...#
#...#..##...............##


You could see an elephant (very poisoned) and a black mamba (extremely
poisoned).

Vanquished Creatures
  Fannar (D:10)
  A boulder beetle (D:11)
  A two-headed ogre (D:11)
  4 death yaks (Lair:3)
  A lindwurm (Lair:2)
  A cyclops (D:7)
  2 torpor snails (Lair:2)
  2 black mambas (Lair:2)
  A gargoyle (D:11)
  7 cane toads
  3 komodo dragons (Lair:1)
  2 rime drakes (Lair:3)
  A troll (D:7)
  2 polar bears (Lair:3)
  4 blink frogs (Lair:3)
  4 dream sheep (Lair:2)
  Sigmund (D:4)
  A shadow (D:9)
  19 yaks
  3 basilisks
  3 wyverns
  Eustachio (D:4)
  A warg (D:11)
  6 water moccasins
  An acid dragon (D:9)
  4 orc warriors
  2 sky beasts (D:8)
  A black bear (shapeshifter) (D:9)
  A black bear (D:6)
  An ice beast (D:4)
  8 ogres
  9 wolves (Lair:2)
  6 centaurs
  A phantom (D:6)
  A kobold brigand (D:8)
  12 bullfrogs
  14 scorpions
  A water moccasin zombie (D:3)
  A wight (D:7)
  The ghost of Joey1 the Shield-Bearer, a weakling MiFi (D:3)
  4 howler monkeys
  12 electric eels
  2 centaur zombies (Ossuary)
  2 human zombies (Ossuary)
  3 orc priests
  2 hounds
  A jelly (Sewer)
  Crazy Yiuf (D:2)
  2 sleepcaps
  A gnoll bouda (D:3)
  3 scorpion zombies (Ossuary)
  Ijyb (D:4)
  4 iguanas
  8 orc wizards
  A hound zombie (D:3)
  3 mummies (Ossuary)
  Robin (D:4)
  20 gnolls
  12 adders
  A river rat (Sewer)
  A shadow imp (D:6)
  2 white imps (D:6)
  An adder zombie (D:3)
  4 worms
  3 dart slugs
  36 orcs
  18 endoplasms
  7 giant cockroaches
  6 goblins
  12 hobgoblins
  6 kobolds
  5 quokkas
  7 ball pythons
  6 bats
  7 frilled lizards
  A gnoll zombie (Ossuary)
  2 goblin zombies (Ossuary)
  5 hobgoblin zombies (Ossuary)
  3 kobold zombies (Ossuary)
  An orc zombie (Ossuary)
  10 rats
363 creatures vanquished.

Vanquished Creatures (collateral kills)
  A two-headed ogre (D:9)
  A skeletal warrior (D:9)
  Lodul (D:10)
  A yak (D:10)
  An ogre (D:10)
5 creatures vanquished.

Vanquished Creatures (others)
  A cane toad (Lair:1)
  2 water moccasins (Lair:2)
  An ogre (D:10)
  A centaur (D:8)
  A bullfrog (Lair:2)
  2 electric eels (D:7)
  34 jellies
  2 gnolls (D:11)
  A worm (Lair:2)
  4 orcs
  A hobgoblin (D:4)
50 creatures vanquished.

Grand Total: 418 creatures vanquished

Notes
Turn   | Place    | Note
-------+----------+-------------------------------------------
     0 | D:1      | GigaChad the Formicid Fighter began the quest for the Orb.
     0 | D:1      | Reached XP level 1. HP: 18/18 MP: 1/1
   130 | D:1      | Entered explore mode.
   135 | D:1      | Reached XP level 2. HP: 24/24 MP: 2/2
   501 | D:1      | Reached XP level 3. HP: 29/29 MP: 3/3
   941 | D:2      | Found a runed translucent door.
   942 | D:2      | Noticed Crazy Yiuf
  1375 | D:2      | Slain by Crazy Yiuf
                  | ... wielding a +2 quarterstaff of chaos
                  | (7 damage)
  1380 | D:2      | Killed Crazy Yiuf
  1381 | D:2      | Reached XP level 4. HP: 16/37 MP: 0/4
  1500 | D:3      | Found an ornate altar of the Wu Jian Council.
  1505 | D:3      | Reached skill level 3 in Axes
  1661 | D:3      | Found a basalt altar of Yredelemnul.
  1670 | D:3      | Reached XP level 5. HP: 39/42 MP: 5/5
  1717 | D:3      | Found a white marble altar of Elyvilon.
  1751 | D:3      | Found a transporter.
  1875 | D:3      | Noticed Joey1's ghost (weakling MiFi)
  1895 | D:3      | Found a transporter.
  1926 | D:3      | Reached skill level 4 in Axes
  2197 | D:3      | Reached XP level 6. HP: 47/47 MP: 6/6
  2241 | D:3      | Found a hazy altar of Hepliaklqana.
  2527 | D:3      | HP: 1/48 [Joey1's ghost (2)]
  2528 | D:3      | Succumbed to a gnoll's poison
  2535 | D:3      | Slain by Joey1's ghost (5 damage)
  2536 | D:3      | Killed Joey1's ghost
  2537 | D:3      | Reached skill level 5 in Shields
  2543 | D:3      | HP: 2/48 [poisoned by a gnoll]
  2544 | D:3      | Succumbed to a gnoll's poison
  2547 | D:3      | Succumbed to a gnoll's poison
  2550 | D:3      | Succumbed to a gnoll's poison
  2557 | D:3      | HP: 2/49 [poisoned by a gnoll]
  2559 | D:3      | Succumbed to a gnoll's poison
  2883 | D:4      | Noticed Eustachio
  2888 | D:4      | Killed Eustachio
  2889 | D:4      | Reached skill level 5 in Axes
  2889 | D:4      | Reached skill level 5 in Armour
  2889 | D:4      | Reached XP level 7. HP: 52/55 MP: 7/7
  2909 | D:4      | HP: 1/55 [sleepcap (8)]
  2909 | D:4      | Slain by a gnoll
                  | ... wielding a +0 spear
                  | (3 damage)
  3279 | D:4      | Noticed Sigmund
  3291 | D:4      | Killed Sigmund
  3292 | D:4      | Reached skill level 5 in Fighting
  3292 | D:4      | Reached skill level 6 in Axes
  3292 | D:4      | Reached XP level 8. HP: 62/62 MP: 8/8
  3297 | D:4      | Found a glowing drain.
  3455 | Sewer    | Entered a sewer
  3629 | Sewer    | Found a viscous altar of Jiyva.
  3749 | Sewer    | Became a worshipper of Jiyva Jisopuce the Shapeless
  3840 | D:4      | Identified the +0 helmet "Mewehefo" {*Corrode Dex+7}
  3840 | D:4      | Noticed Robin
  3840 | D:4      | Noticed Ijyb
  3844 | D:4      | Killed Ijyb
  3859 | D:4      | Killed Robin
  4245 | D:4      | Reached * piety under Jiyva
  4358 | D:5      | Entered Level 5 of the Dungeon
  4427 | D:5      | Found a staircase to the Ecumenical Temple.
  4474 | D:5      | Reached skill level 7 in Axes
  4718 | D:5      | Reached ** piety under Jiyva
  4765 | D:5      | Found a sand-covered staircase.
  4873 | Ossuary  | Entered an ossuary
  4909 | Ossuary  | Reached XP level 9. HP: 63/68 MP: 9/9
  4971 | Ossuary  | Reached skill level 8 in Axes
  5270 | Temple   | Entered the Ecumenical Temple
  5384 | D:6      | Reached skill level 9 in Axes
  5449 | D:6      | Found a snail-covered altar of Cheibriados.
  5496 | D:6      | Reached *** piety under Jiyva
  5581 | D:6      | Reached XP level 10. HP: 56/77 MP: 10/10
  5863 | D:7      | Gained mutation: You are partially covered in iridescent
                  | scales. (AC +2) [Jiyva's grace]
  5863 | D:7      | Gained mutation: You are mostly covered in iridescent
                  | scales. (AC +4) [Jiyva's grace]
  5863 | D:7      | Gained mutation: You are completely covered in iridescent
                  | scales. (AC +6) [Jiyva's grace]
  5863 | D:7      | Gained mutation: You are resistant to electric shocks.
                  | (rElec) [Jiyva's grace]
  5969 | D:7      | Noticed a cyclops
  5980 | D:7      | Killed a cyclops
  5981 | D:7      | Reached skill level 10 in Axes
  6217 | D:7      | Reached **** piety under Jiyva
  6903 | D:8      | Reached ***** piety under Jiyva
  7401 | D:9      | Found a stormy altar of Qazlal.
  7446 | D:9      | Noticed a skeletal warrior
  7451 | D:9      | Reached skill level 11 in Axes
  7455 | D:9      | Killed a skeletal warrior
  7456 | D:9      | Reached skill level 1 in Shapeshifting
  7456 | D:9      | Reached XP level 11. HP: 59/86 MP: 11/11
  7560 | D:9      | Found a staircase to the Lair.
  7568 | D:9      | Gained mutation: Your flesh is cold resistant. (rC+)
                  | [Jiyva's grace]
  7568 | D:9      | Gained mutation: Your flesh is very cold resistant. (rC++)
                  | [Jiyva's grace]
  7568 | D:9      | Gained mutation: Your flesh is almost immune to the effects
                  | of cold. (rC+++) [Jiyva's grace]
  7568 | D:9      | Gained mutation: Armour fits poorly on your pseudopods.
                  | [Jiyva's grace]
  7643 | D:9      | Found a radiant altar of Vehumet.
  7680 | D:9      | Found an iron altar of Okawaru.
  7732 | D:9      | Found Hemop's Antique Armour Boutique.
  7742 | D:9      | Noticed a two-headed ogre
  7746 | D:9      | Killed a two-headed ogre
  7783 | D:9      | Found an ancient bone altar of Kikubaaqudgha.
  7817 | D:9      | Reached skill level 12 in Axes
  7869 | D:9      | Found a sparkling altar of Nemelex Xobeh.
  8030 | D:9      | Found a shimmering altar of Xom.
  8164 | D:10     | Entered Level 10 of the Dungeon
  8317 | D:10     | Noticed Fannar
  8356 | D:10     | Killed Fannar
  8643 | D:10     | Reached ****** piety under Jiyva
  8659 | D:10     | Noticed Lodul
  8671 | D:10     | Killed Lodul
  8717 | D:10     | Lost mutation: Your flesh is almost immune to the effects
                  | of cold. (rC+++) [Jiyva's grace]
  8717 | D:10     | Lost mutation: You are resistant to electric shocks.
                  | (rElec) [Jiyva's grace]
  8717 | D:10     | Gained mutation: You are covered in slimy tendrils that may
                  | disarm your opponents. [Jiyva's grace]
  8717 | D:10     | Gained mutation: You possess an exceptional clarity of
                  | mind. [Jiyva's grace]
  8717 | D:10     | Gained mutation: You have a small jelly attached to you
                  | that senses nearby items. [Jiyva's grace]
  8717 | D:10     | Gained mutation: You have an increased reservoir of magic.
                  | (+10% MP) [Jiyva's grace]
  8778 | D:10     | Reached XP level 12. HP: 95/95 MP: 13/13
  8962 | D:11     | Noticed a boulder beetle
  8971 | D:11     | Killed a boulder beetle
  8972 | D:11     | Reached skill level 13 in Axes
  9014 | D:11     | Noticed a two-headed ogre
  9020 | D:11     | Killed a two-headed ogre
  9157 | D:11     | Found a staircase to the Orcish Mines.
  9275 | Lair:1   | Entered Level 1 of the Lair of Beasts
  9624 | Lair:1   | Reached skill level 10 in Shields
 10146 | Lair:2   | Found a staircase to the Shoals.
 10256 | Lair:2   | Reached skill level 10 in Fighting
 10256 | Lair:2   | Reached skill level 14 in Axes
 10363 | Lair:2   | Found a hole to the Spider Nest.
 10379 | Lair:2   | Reached skill level 10 in Armour
 10436 | Lair:2   | Lost mutation: You have an increased reservoir of magic.
                  | (+10% MP) [Jiyva's grace]
 10436 | Lair:2   | Gained mutation: Your body has grown eyes which may confuse
                  | attackers. (Acc +3) [Jiyva's grace]
 10436 | Lair:2   | Gained mutation: Your body has grown many eyes which may
                  | confuse attackers. (Acc +5) [Jiyva's grace]
 10436 | Lair:2   | Gained mutation: Your body is covered in eyes which may
                  | confuse attackers. (Acc +7, SInv) [Jiyva's grace]
 10436 | Lair:2   | Gained mutation: You are partially covered in large bone
                  | plates. (SH +4) [Jiyva's grace]
 10479 | Lair:2   | Reached XP level 13. HP: 103/103 MP: 13/13
 10759 | Lair:2   | Found a basalt altar of Yredelemnul.
 11177 | Lair:3   | Reached skill level 5 in Shapeshifting
 11448 | Lair:3   | HP: 5/105 [poisoned by a black mamba]
 11448 | Lair:3   | Slain by a black mamba

Illustrated notes

Levels and vault maps discovered:
D:1:      dpeg_arrival_snail, layout_basic, chequers_serial_rivers_micro_b,
          st_stairs_5, minivault_24
D:2:      layout_loops_cross, uniq_crazy_yiuf_cottage
D:3:      layout_loops_corners, nicolae_overflow_crystal_walls,
          elyvilon_altar_5, nicolae_yredelemnul_corpse_copse,
          nicolae_hepliaklqana_hazy_memory, gammafunk_ghost_gnarly_gnolls,
          kennysheep_generic_room_4
D:4:      layout_basic, portal_sewer_entry_d, nicolae_goblin_pals,
          uniq_eustachio, uniq_sigmund
D:5:      layout_loops_ring, minmay_temple_entry_sparse_star, serial_glass,
          glass_columns_b, glass_columns_b, glass_columns_c, glass_columns_b,
          glass_columns_a, glass_columns_a, glass_columns_a, glass_columns_b,
          item_on_display_a, minmay_strange_pillars, item_on_display_a,
          chequers_ossuary_entry_cave, amethyst_killhole
D:6:      layout_rooms, mainiacjoe_overflow_cross_hatched, st_stairs_3
D:7:      cheibrodos_two_vegetables, layout_loops_ring,
          kennysheep_generic_room_13
D:8:      layout_cave_pods, st_stairs_12
D:9:      layout_irregular_city, kennysheep_mini_moat, old_standard_altar,
          overflow_temple_1_default, nicolae_vehumet_altar_sigil,
          okawaru_trees_2, lemuel_coloured_pillars_altar, lair_entry_dummy,
          serial_shops, shop, minmay_three_doors
D:10:     layout_basic, uniq_lodul, uniq_fannar
D:11:     layout_loops_ring, erik_orc_3
Temple:   nicolae_temple_ecumenical_triangle
Lair:1:   layout_roguey
Lair:2:   layout_cave_pods, minmay_shoals_entry_centaurs,
          nicolae_spider_entry_non_spiders, basic_altar, minivault_24,
          minmay_stone_trees_medium, serial_bayou_pond_b, st_stairs_12,
          serial_bayou_shore_a, serial_bayou_shore_b
Lair:3:   layout_misc_corridors, serial_bayou_shore_b, grunt_megastairs_5,
          infiniplex_staircase_pool

Skill      XL: |  1  2  3  4  5  6  7  8  9 10 11 12 13 |
---------------+----------------------------------------+-----
Armour         | 4 5 6 7 8 9 10 | 10.5
Axes           | 3 4 5 6 7 9 11 12 14 | 14.7
Fighting       | 4 5 6 7 9 10 | 10.8
Shields        | 5 6 7 8 9 10 11 | 11.4
Shapeshifting  | 1 3 4 5 |  5.4

Action                     |  1- 3 |  4- 6 |  7- 9 | 10-12 | 13-15 || total
---------------------------+-------+-------+-------+-------+-------++-------
  Melee: War axe           |    79 |    96 |   357 |   527 |   109 ||  1168
         Pseudopods        |       |       |       |    74 |    39 ||   113
    Use: Scroll            |     2 |     7 |     5 |     1 |       ||    15
   Stab: Confused          |       |       |       |       |     4 ||     4
 Armour: Scale mail        |    56 |   101 |   253 |   159 |       ||   569
         Plate armour      |       |       |       |   221 |    67 ||   288
  Dodge: Dodged            |    39 |    48 |   138 |   130 |    13 ||   368
  Block: Buckler           |    19 |    41 |   111 |   189 |    71 ||   431
         Reflection        |       |       |       |     2 |       ||     2

Table legend: (Time is in decaauts)
 A = Elapsed time spent in this place.
 B = Non-inter-level travel time spent in this place.
 C = Inter-level travel time spent in this place.
 D = Time resting spent in this place.
 E = Time spent auto-exploring this place.
 F = Levels seen in this place.
 G = Mean time per level.
                   A        B        C        D        E       F      G
               +--------+--------+--------+--------+--------+-----+--------+
         Total |  11595 |  10974 |    621 |    296 |   8182 |  17 |  682.1 |
       Dungeon |   8701 |   8138 |    563 |    296 |   6226 |  11 |  791.0 |
        Temple |     18 |     13 |      5 |      0 |      0 |   1 |   18.0 |
          Lair |   2144 |   2091 |     53 |      0 |   1636 |   3 |  714.7 |
         Sewer |    352 |    352 |      0 |      0 |    168 |   1 |  352.0 |
       Ossuary |    378 |    378 |      0 |      0 |    151 |   1 |  378.0 |
               +--------+--------+--------+--------+--------+-----+--------+

Top non-repeatable levels by time:
     D:3: 1416 daAuts
     D:4: 1199 daAuts
  Lair:2: 1101 daAuts
     D:7: 848 daAuts
     D:9: 788 daAuts
     D:2: 774 daAuts
    D:10: 769 daAuts
     D:1: 757 daAuts
  Lair:1: 738 daAuts
     D:8: 731 daAuts
     D:5: 579 daAuts
     D:6: 522 daAuts
 Ossuary: 378 daAuts
   Sewer: 352 daAuts
    D:11: 314 daAuts
